 Dungeon Crawl Stone Soup version 0.30.1-4-g462c640d31 (webtiles) character file.

Game seed: 12681344731183325669

177 spardeous the Conjurer (level 5, 0/38 HPs)
             Began as a Demigod Conjurer on Aug 11, 2023.
             Slain by an orc warrior
             ... wielding a +0 battleaxe
              (8 damage)
             ... on level 4 of the Dungeon.
             The game lasted 00:03:49 (3623 turns).

spardeous the Conjurer (Demigod Conjurer)           Turns: 3623, Time: 00:03:49

Health: 0/38       AC:  6    Str:  8    XL:     5   Next: 9%
Magic:  12/12      EV: 10    Int: 30    God:
Gold:   160        SH:  0    Dex: 15    Spells: 7/10 levels left

rFire   . . .        q - +6 long sword "Z" {venom, Dex+3}
rCold   . . .        (no shield)
rNeg    . . .        d - +0 ring mail
rPois   .            (no helmet)
rElec   .            (no cloak)
rCorr   .            l - +0 pair of gloves
SInv    .            (no boots)
Will    .....        (no amulet)
Stlth   +            j - +6 ring of intelligence
HPRegen 0.26/turn    (no ring)
MPRegen 0.13/turn

%: no passive effects
@: no status effects
A: high MP 1, forlorn, divine attributes
a: no special abilities


You were on level 4 of the Dungeon.
You visited 1 branch of the dungeon, and saw 4 of its levels.

You collected 160 gold pieces.

Inventory:

Hand Weapons
 h - a +2 short sword of venom
 q - the +6 long sword "Z" (weapon) {venom, Dex+3}
   (You found it on level 2 of the Dungeon)

   Dex:       It affects your dexterity (+3).
Armour
 a - a +0 robe
 d - a +0 ring mail (worn)
 l - a +0 pair of gloves (worn)
Jewellery
 j - a +6 ring of intelligence (left hand)
Wands
 t - a wand of light (3)
Scrolls
 e - a scroll of butterflies {unknown}
 f - 4 scrolls of identify
 g - a scroll of magic mapping {unknown}
 i - a scroll of silence {unknown}
 k - 2 scrolls of blinking
 n - 3 scrolls of noise
 o - a scroll of torment {unknown}
 s - a scroll of enchant armour {unknown}
Potions
 b - a potion of magic
 c - a potion of might {unknown}
 m - a potion of invisibility {unknown}
 p - a potion of resistance {unknown}
 r - a potion of heal wounds {unknown}
 u - a potion of ambrosia {unknown}


   Skills:
 - Level 1.7 Dodging
 - Level 1.7 Stealth
 - Level 3.0 Spellcasting
 + Level 5.4 Conjurations


You had 7 spell levels left.
You knew the following spells:

 Your Spells              Type           Power      Damage    Failure   Level
a - Magic Dart            Conj           100%       1d8       2%          1
b - Searing Ray           Conj           74%        2d7       3%          2

Your spell library contained the following spells:

 Spells                   Type           Power      Damage    Failure   Level
 Dazzling Flash           Conj/Hex       40%        N/A       22%         3
 Call Imp                 Summ           8%         N/A       32%         2
 Mephitic Cloud           Conj/Pois/Air  15%        N/A       32%         3
 Fulminant Prism          Conj/Hex       10%        3d9       58%         4
 Iskenderun's Mystic Bla  Conj/Tloc      20%        2d6       58%         4


Dungeon Overview and Level Annotations

Branches:
Dungeon (4/15)
 Temple: D:4-7

Annotations:
D:4 Robin


Innate Abilities, Weirdness & Mutations

You have an increased reservoir of magic. (+10% MP)
You shall have no god before yourself.
Your divine heritage dramatically boosts your attributes as you level up.


Message History

The orc warrior hits you with a +0 battleaxe.
You take 6 damage, and have 21/38 hp.
There is a stone staircase leading up here.
The orc warrior attacks as you move away!
The orc warrior completely misses you.
There is an open door here.
There is an escape hatch in the floor here.
The orc warrior barely misses you.
You slide downwards.
The hatch slams shut behind you.
The hobgoblin shouts!
The goblin shouts! x4; Robin shouts!
The goblin shouts!
The kobold shouts!
Found a blackened gold wand and a Trismegistus Codex.
Found two stone staircases leading down.
The orc warrior attacks as you move away!
The orc warrior hits you with a +0 battleaxe!
* * * LOW HITPOINT WARNING * * *
The goblin unwields a +0 club.
The goblin wields a +0 sling.
The goblin shoots a sling bullet.
The sling bullet misses you.
The hobgoblin shouts!
The goblin shouts!
The iguana hisses angrily.
As you read the scroll labelled BIBESH JOWANG, it crumbles to dust.
You hear a loud clanging noise!
It was a scroll of noise.
You hear a shout!
The goblin unwields a +0 club.
The goblin wields a +0 sling.
The goblin shoots a sling bullet.
The sling bullet hits you but does no damage.
The orc warrior barely misses you.
You take 8 damage, and have 16/38 hp.
MASSIVE DAMAGE!!
As you read the scroll labelled CYLUAGG IRUOR, it crumbles to dust.
It is a scroll of identify.
k - 2 scrolls of blinking Robin throws the goblin at you!
* * * LOW HITPOINT WARNING * * *
The goblin hits you with a +0 dagger.
* * * LOW HITPOINT WARNING * * *
The goblin unwields a +0 sling.
The goblin wields a +0 club.
The goblin hits you with a +0 club.
* * * LOW HITPOINT WARNING * * *
The orc warrior hits you with a +0 battleaxe!
You die...

############
#..........##
........g...##
......g@.K...#
...g..gog....#
....g.lsg....#
.>.gg..g.../.#
.....g.......#
.........:..##
..........>##
.####.######
#.


You could see an orc warrior, a scorpion, an iguana, Robin, 2 hobgoblins, 8
goblins and a kobold.

Vanquished Creatures
  Ijyb (D:3)
  3 adders
  4 gnolls (D:2)
  A worm (D:2)
  2 dart slugs
  5 orcs (D:3)
  6 ball pythons
  6 bats
  5 endoplasms
  4 giant cockroaches
  6 goblins
  8 hobgoblins
  3 jackals (D:1)
  7 kobolds
  3 quokkas
  2 frilled lizards
  2 rats
68 creatures vanquished.

Notes
Turn   | Place    | Note
-------+----------+-------------------------------------------
     0 | D:1      | spardeous the Demigod Conjurer began the quest for the Orb.
     0 | D:1      | Reached XP level 1. HP: 14/14 MP: 5/5
   442 | D:1      | Reached XP level 2. HP: 20/20 MP: 0/7
   747 | D:1      | Reached skill level 4 in Conjurations
  1175 | D:1      | Learned a level 2 spell: Searing Ray
  1234 | D:2      | HP: 1/20 [worm (9)]
  1350 | D:2      | Reached XP level 3. HP: 26/26 MP: 7/9
  2207 | D:2      | Identified the +6 long sword "Z" {venom, Dex+3}
  2503 | D:2      | Reached XP level 4. HP: 33/33 MP: 7/11
  2928 | D:3      | Reached skill level 5 in Conjurations
  3057 | D:3      | Noticed Ijyb
  3069 | D:3      | Killed Ijyb
  3192 | D:3      | Reached XP level 5. HP: 34/38 MP: 12/12
  3446 | D:4      | Noticed an orc warrior
  3620 | D:4      | Noticed Robin
  3623 | D:4      | Slain by an orc warrior

Illustrated notes

Levels and vault maps discovered:
D:1:      giann_forest_graveyard, layout_basic, st_stairs_8, dk_noncrumbling_4,
          kennysheep_decorative_pillar
D:2:      layout_loops_corners, minmay_misc_feat_ornament, eino_tiny_chamber,
          kennysheep_nondescript
D:3:      layout_basic, nicolae_tso_carved_into_rock, uniq_ijyb
D:4:      layout_rooms, uniq_robin, uniq_eustachio

Skill      XL: |  1  2  3  4 |
---------------+-------------+-----
Spellcasting   | 2 3 |  3.0
Conjurations   | 4 5 |  5.4
Dodging        | |  1.7
Stealth        | |  1.7

Action                     |  1- 3 |  4- 6 || total
---------------------------+-------+-------++-------
  Melee: Short sword       |     6 |       ||     6
         Long sword        |       |    34 ||    34
   Cast: Magic Dart        |    98 |       ||    98
         Searing Ray       |     3 |     6 ||     9
    Use: Scroll            |       |     2 ||     2
 Armour: Ring mail         |    20 |    24 ||    44
         Robe              |     1 |       ||     1
  Dodge: Dodged            |    25 |    34 ||    59
